 Dungeon Crawl Stone Soup version 0.21.1-68-g103a7afc0a (webtiles) character file.

22166 Gargoyl the Cleaver (level 12, -6/101 HPs)
             Began as a Centaur Abyssal Knight on Aug 2, 2018.
             Was an Elder of Lugonu.
             Mangled by a naga
             ... wielding a +1 antimagic glaive
              (11 damage)
             ... on level 3 of the Lair of Beasts.
             The game lasted 00:30:00 (19276 turns).

Gargoyl the Cleaver (Centaur Abyssal Knight)       Turns: 19276, Time: 00:30:00

Health: -6/101     AC: 17    Str: 23    XL:     12   Next: 60%
Magic:  17/19      EV:  3    Int:  9    God:    Lugonu [****..]
Gold:   810        SH:  0    Dex: 11    Spells: 11/11 levels left

rFire    . . .     SeeInvis +   s - +6 battleaxe
rCold    . . .     Gourm    .   (shield currently unavailable)
rNeg     . . .     Faith    .   x - +0 plate armour
rPois    .         Spirit   .   k - +1 hat
rElec    .         Reflect  .   t - +1 cloak
rCorr    .         Harm     .   B - +0 pair of gloves
MR       .....                  (no barding)
Stlth    ..........             o - amulet of rage
HPRegen  0.26/turn              G - ring of Shadows {Umbra +Inv Stlth+}
MPRegen  0.16/turn              i - +5 ring of strength

@: lethally poisoned (-6 -> -13), wreathed by umbra, constricted, very quick
A: large, hooves 3, see invisible, deformed body, dopey 1, speed 2, mutation
resistance 1, sense surroundings 1, tough skin 3
a: Depart the Abyss, Bend Space, Banish, Corrupt, Renounce Religion, Evoke
Berserk Rage, Evoke Invisibility


You were on level 3 of the Lair of Beasts.
You worshipped Lugonu.
Lugonu was greatly pleased with you.
You were hungry.

You visited 2 branches of the dungeon, and saw 14 of its levels.
You visited the Abyss 1 time.

You collected 810 gold pieces.

Inventory:

Hand Weapons
 a - a +3 hand axe
 d - a +0 blowgun
 s - a +6 battleaxe (weapon)
 F - a +2 trident of piercing
Missiles
 I - 6 javelins (quivered)
Armour
 k - a +1 hat (worn)
 r - a +0 buckler
 t - a +1 cloak (worn)
 x - a +0 plate armour (worn)
 B - a +0 pair of gloves (worn)
Jewellery
 f - a +3 ring of slaying
 i - a +5 ring of strength (right hand)
 o - an amulet of rage (around neck)
 G - the ring of Shadows (left hand) {Umbra +Inv Stlth+}
   (You found it on level 1 of the Lair of Beasts)

   [ring of stealth]

   It lets you turn invisible.
   It makes you more stealthy.
Wands
 j - a wand of polymorph (9)
 u - a wand of iceblast (7)
 z - a wand of clouds (8)
 A - a wand of digging (33)
 L - a wand of paralysis (5)
Scrolls
 b - a scroll of magic mapping
 l - 6 scrolls of identify
 m - 2 scrolls of fog
 n - 5 scrolls of teleportation
 p - 3 scrolls of fear
 w - a scroll of remove curse
 J - a scroll of amnesia
Potions
 e - a potion of magic
 g - a potion of mutation
 h - 2 potions of cancellation
 q - a potion of curing
 C - a potion of lignification
 H - a potion of agility
 K - a potion of haste
Books
 v - a book of Flames

   Spells                             Type                      Level
   a - Flame Tongue                   Conjuration/Fire             1
   b - Throw Flame                    Conjuration/Fire             2
   c - Conjure Flame                  Conjuration/Fire             3
   d - Inner Flame                    Hexes/Fire                   3
   e - Sticky Flame                   Conjuration/Fire             4
   f - Fireball                       Conjuration/Fire             5
 y - a book of Misfortune

   Spells                             Type                      Level
   a - Confusing Touch                Hexes                        1
   b - Confuse                        Hexes                        3
   c - Gell's Gravitas                Translocation                3
   d - Petrify                        Transmutation/Earth          4
   e - Metabolic Englaciation         Hexes/Ice                    5
   f - Yara's Violent Unravelling     Hexes/Transmutation          5
 E - a book of Callings

   Spells                             Type                      Level
   a - Summon Small Mammal            Summoning                    1
   b - Call Imp                       Summoning                    2
   c - Call Canine Familiar           Summoning                    3
   d - Summon Guardian Golem          Hexes/Summoning              3
   e - Summon Lightning Spire         Summoning/Air                4
   f - Summon Ice Beast               Ice/Summoning                4
Comestibles
 c - 16 rations


   Skills:
 + Level 8.1 Fighting
 + Level 10.5 Axes
 + Level 1.4 Throwing
 * Level 10.4 Armour
 + Level 2.2 Dodging
 + Level 0.3 Shields
 * Level 10.0 Invocations
 + Level 1.0 Evocations


You had 11 spell levels left.
You didn't know any spells.

Dungeon Overview and Level Annotations

Branches:
Dungeon (11/15)            Temple (0/1) D:6            Lair (3/6) D:11
 Shoals (0/4) Lair:3
  Snake: Lair:2-4    Spider: Lair:2-4       Orc: D:9-12

Altars:
Kikubaaqudgha
Nemelex Xobeh
Sif Muna
Trog
Zin

Shops:
D:10 }

Annotations:
D:11 2 transporters
Abyss:1 Harold


Innate Abilities, Weirdness & Mutations

You have hooves in place of feet.
Armour fits poorly on your strangely shaped body.
You cover ground very quickly.
You have extremely tough skin. (AC +3)
You have supernaturally acute eyesight. (SInv)
You are dopey. (Int -2)
You are somewhat resistant to further mutation.
You passively map a small area around you.


Message History

Things that are here:
a scimitar; a potion of magic Unknown command.
Your plate armour prevents you from hitting the naga.
You miss the naga. You hit the blink frog.
You are feeling hungry.
You feel sick. The blink frog hits you. The naga barely misses you.
The naga grabs you. The naga constricts you.
The naga hits you with an antimagic glaive!
* * * LOW HITPOINT WARNING * * *
You feel your power leaking away. The blink frog hits you.
* * * LOW HITPOINT WARNING * * *
The blink frog blinks!
Your plate armour prevents you from hitting the naga.
You miss the naga.
You feel sick. The naga hits you with a hand axe!
* * * LOW HITPOINT WARNING * * *
x2 The naga constricts you.
The naga hits you with an antimagic glaive!
You die...

, ** ,...##. , * , ..... ,
....*.. , * ##.. ....#..
,* * #+#... ..N..+., *
##).... , ...N..##
##..#.[. ' ....P#.##
#<.###.# , , ,#..##N####
##.#..... , ,, #...N@...#
##.'.#..#. ,
.###....ยง'..## #........#
..........##..###)......##
,
.........).#.P##.........#
,
..........##....#.........
,
#...F......####.+......#..
#P........## #........##.
##......... ###.......##
########### #.......###


You could see a blink frog and 2 nagas.

Vanquished Creatures
  Gastronok (Lair:1)
  Erolcha (D:10)
  Erica (D:8)
  A two-headed ogre (D:10)
  Nergalle (Lair:2)
  A manticore (Lair:3)
  The ghost of ryou the Covered, a novice MiFi (D:5)
  A black mamba (Lair:1)
  3 spiny frogs
  A rime drake (Lair:1)
  2 komodo dragons
  A troll (D:10)
  11 blink frogs
  A hippogriff (Lair:3)
  A wyvern (D:8)
  14 yaks
  2 nagas (Lair:3)
  4 water moccasins
  Edmund (D:6)
  6 porcupines
  3 black bears
  2 orc warriors
  3 ice beasts
  2 sky beasts
  2 phantoms
  7 wolves
  7 ogres
  11 crocodiles
  8 centaurs
  9 bullfrogs
  A scorpion (D:10)
  4 killer bees (D:7)
  9 wights
  A howler monkey (D:4)
  4 crimson imps
  A bullfrog zombie (D:10)
  2 centaur zombies
  3 hounds
  3 jellies
  3 bullfrog skeletons
  5 orc priests
  7 orc wizards
  2 centaur skeletons
  4 iguanas
  13 worker ants
  A killer bee zombie (D:8)
  2 hound zombies
  A hound skeleton (D:8)
  A worker ant zombie (D:6)
  A howler monkey skeleton (D:5)
  4 gnolls
  9 adders
  3 shadow imps
  An ufetubus (Abyss:2)
  A worm (D:6)
  4 dart slugs
  9 leopard geckos
  34 orcs
  3 bats
  6 giant cockroaches
  7 goblins
  10 hobgoblins
  5 jackals
  4 kobolds
  4 quokkas
  2 ball pythons
  5 frilled lizards
  A jackal skeleton (D:6)
  2 quokka skeletons
  14 rats
  A fungus (Lair:2)
  A lurking horror (Abyss:2)
307 creatures vanquished.

Vanquished Creatures (others)
  3 two-headed ogres
  A manticore (D:11)
  An ugly thing (D:11)
  2 black mambas
  A blink frog (Lair:1)
  An orc wizard (D:9)
9 creatures vanquished.

Grand Total: 316 creatures vanquished

Notes
Turn   | Place    | Note
-------+----------+-------------------------------------------
     0 | Abyss:1  | Gargoyl the Centaur Abyssal Knight began the quest for the Orb.
     0 | Abyss:1  | Reached XP level 1. HP: 19/19 MP: 2/2
    39 | Abyss:2  | Noticed a chaos spawn
   146 | D:1      | Escaped the Abyss
   434 | D:1      | Reached XP level 2. HP: 23/26 MP: 3/3
   446 | D:1      | Reached * piety under Lugonu
   844 | D:1      | Reached XP level 3. HP: 31/31 MP: 4/4
  1438 | D:2      | Reached ** piety under Lugonu
  1494 | D:2      | Reached XP level 4. HP: 37/40 MP: 5/5
  2291 | D:3      | Reached XP level 5. HP: 46/46 MP: 7/7
  2330 | D:3      | Found a deep blue altar of Sif Muna.
  2865 | D:4      | Noticed an ogre
  2869 | D:4      | Noticed an ogre
  3009 | D:4      | Killed an ogre
  3009 | D:4      | Reached XP level 6. HP: 45/52 MP: 8/8
  3064 | D:4      | Reached XP level 7. HP: 36/59 MP: 9/9
  3183 | D:4      | Reached *** piety under Lugonu
  3201 | D:4      | Reached skill level 1 in Dodging
  3286 | D:4      | HP: 2/60 [orc priest/nerve-wracking pain (13)]
  3798 | D:4      | Reached XP level 8. HP: 67/67 MP: 9/11
  3987 | D:4      | Found an ancient bone altar of Kikubaaqudgha.
  4002 | D:4      | Got a twitching bronze ring
  4120 | D:5      | Entered Level 5 of the Dungeon
  4128 | D:5      | Found a sparkling altar of Nemelex Xobeh.
  4178 | D:5      | Identified the ring "Gasairgho" {+Inv EV+1 Int+5 Stlth-} (You found it on level 4 of the Dungeon)
  4224 | D:5      | Reached skill level 5 in Axes
  4229 | D:5      | Reached skill level 5 in Armour
  4442 | D:5      | Noticed ryou's ghost (novice MiFi)
  4722 | D:5      | Killed ryou's ghost
  4722 | D:5      | Reached skill level 5 in Fighting
  6039 | D:6      | Found a staircase to the Ecumenical Temple.
  6138 | D:6      | Noticed Edmund
  6152 | D:6      | Killed Edmund
  6152 | D:6      | Reached skill level 5 in Invocations
  6152 | D:6      | Reached XP level 9. HP: 57/74 MP: 12/12
  6626 | D:6      | Reached **** piety under Lugonu
  6741 | D:6      | Found a glowing silver altar of Zin.
  6741 | D:6      | Noticed an angel
  7459 | D:7      | Noticed a moth of wrath
  7462 | D:7      | Found a bloodstained altar of Trog.
  7980 | D:8      | Noticed a two-headed ogre
  8236 | D:8      | Banished a two-headed ogre
  8469 | D:8      | Noticed a two-headed ogre
  8483 | D:8      | Banished a two-headed ogre
  8718 | D:8      | Reached XP level 10. HP: 81/83 MP: 14/14
  8729 | D:8      | Noticed Erica
  8765 | D:8      | Killed Erica
  9799 | D:9      | Noticed a two-headed ogre
 10149 | D:9      | Banished a two-headed ogre
 11228 | D:10     | Entered Level 10 of the Dungeon
 11291 | D:10     | Reached skill level 1 in Throwing
 11728 | D:10     | Noticed Erolcha
 11738 | D:10     | Killed Erolcha
 11738 | D:10     | Reached XP level 11. HP: 76/91 MP: 16/16
 11914 | D:10     | Found Igin's Gadget Shoppe.
 12435 | D:11     | Noticed a two-headed ogre
 12592 | D:10     | Reached skill level 1 in Evocations
 13049 | D:10     | Killed a two-headed ogre
 13232 | D:11     | Got a translucent scale mail
 13243 | D:11     | Identified the +2 scale mail "Loru" {*Contam +Fly rN+ rCorr} (You found it on level 11 of the Dungeon)
 13269 | D:11     | Noticed a green ugly thing
 13281 | D:11     | HP: 3/92 [acid (11)]
 13281 | D:11     | Gained mutation: Your body sometimes deteriorates upon taking damage. [mutagenic glow]
 13289 | D:11     | Banished a brown ugly thing
 13465 | D:11     | Found a staircase to the Lair.
 14262 | D:11     | Noticed an ettin
 14263 | D:11     | Found a transporter.
 14263 | D:11     | Noticed a tengu reaver
 14279 | D:11     | Found a transporter.
 14449 | Lair:1   | Entered Level 1 of the Lair of Beasts
 14452 | Lair:1   | Lost mutation: Your body sometimes deteriorates upon taking damage. [potion of mutation]
 14452 | Lair:1   | Gained mutation: You are dopey. (Int -2) [potion of mutation]
 14452 | Lair:1   | Gained mutation: You have supernaturally acute eyesight. (SInv) [potion of mutation]
 14452 | Lair:1   | Gained mutation: You passively map a small area around you. [potion of mutation]
 14452 | Lair:1   | Gained mutation: You are somewhat resistant to further mutation. [potion of mutation]
 14613 | Lair:1   | Noticed Harold
 14639 | Lair:1   | Banished Harold
 15369 | Lair:1   | Noticed Gastronok
 15391 | Lair:1   | Killed Gastronok
 15393 | Lair:1   | Reached XP level 12. HP: 84/101 MP: 18/18
 15559 | Lair:1   | Found the ring of Shadows {Umbra +Inv Stlth+}
 15910 | Lair:1   | Reached skill level 10 in Axes
 16493 | Lair:1   | HP: 4/101 [blink frog (6)]
 16500 | Lair:1   | HP: 2/151 [blink frog (10)]
 17039 | Lair:2   | Reached skill level 10 in Armour
 17422 | Lair:2   | Noticed Nergalle
 17428 | Lair:2   | Killed Nergalle
 18953 | Lair:3   | Found a staircase to the Shoals.
 19250 | Lair:3   | Reached skill level 10 in Invocations
 19276 | Lair:3   | HP: 5/101 [naga/hand axe (3)]
 19276 | Lair:3   | Mangled by a naga

Skill      XL: |  1  2  3  4  5  6  7  8  9 10 11 12 |
---------------+-------------------------------------+-----
Armour         | 2 3 4 6 7 8 9 10 | 10.4
Axes           | 2 3 4 6 7 8 9 10 | 10.5
Fighting       | 4 5 6 7 8 |  8.1
Invocations    | 3 4 5 6 7 8 10 | 10.0
Dodging        | 1 2 |  2.2
Throwing       | 1 |  1.4
Evocations     | 1 |  1.0
Shields        | |  0.3

Action                   |  1- 3 |  4- 6 |  7- 9 | 10-12 || total
-------------------------+-------+-------+-------+-------++-------
Melee: Hand axe          |    75 |    89 |   273 |   298 ||   735
       Kick              |    14 |    13 |    96 |   161 ||   284
       Battleaxe         |       |       |       |   197 ||   197
Throw: Tomahawk          |       |       |     9 |     5 ||    14
       Javelin           |       |       |       |     3 ||     3
Invok: Depart the Abyss  |     1 |       |       |       ||     1
       Banish            |       |       |     2 |    11 ||    13
       Bend Space        |       |       |       |     2 ||     2
 Abil: Evoke Berserk Rag |       |       |       |     1 ||     1
  Use: Scroll            |     4 |     4 |     6 |    15 ||    29
       Potion            |       |     1 |     3 |    12 ||    16
 Stab: Invisible         |       |       |       |     1 ||     1
  Eat: Chunk             |     1 |     4 |    10 |    16 ||    31
       Ration            |       |       |     2 |     5 ||     7
Armor: Leather armour    |     2 |       |       |       ||     2
       Scale mail        |    22 |       |       |       ||    22
       Chain mail        |    21 |    47 |    41 |       ||   109
       Plate armour      |       |       |   159 |   416 ||   575
       Skin              |       |       |       |    25 ||    25
Dodge: Dodged            |    43 |    32 |    78 |   165 ||   318
Block: Buckler           |       |       |       |    22 ||    22
